 Dungeon Crawl Stone Soup version 0.30-a0-1094-g860fb061e7 (webtiles) character file.

Game seed: 17583772739690216439

174 qeuew the Cudgeller (level 5, -1/34 (41) HPs)
             Began as a Demonspawn Chaos Knight on Apr 17, 2023.
             Was a Plaything of Xom.
             Slain by a hell rat (11 damage)
             ... in a sewer.
             The game lasted 00:03:12 (1825 turns).

qeuew the Cudgeller (Demonspawn Chaos Knight)       Turns: 1825, Time: 00:03:13

HP:   -1/34 (41)    AC: 12    Str: 14 (15) XL:     5   Next: 28%
MP:   0/5           EV: 11    Int: 12 (13) God:    Xom [.*....]
Gold: 140           SH:  6    Dex: 12      Spells: 4/4 levels left

rFire   . . .      SeeInvis .    a - +0 mace (protect)
rCold   . . .      Faith    .    (no shield)
rNeg    . . .      Spirit   +    b - +2 leather armour
rPois   .          Reflect  .    (no helmet)
rElec   .          Rampage  .    (no cloak)
rCorr   .                        (no gloves)
Will    .....                    (no boots)
Stlth   +                        g - amulet of guardian spirit
HPRegen 0.25/turn                (no ring)
MPRegen 0.09/turn                (no ring)

@: under a protective aura, heavily drained
A: hooves 2, large bone plates 2
a: Renounce Religion


You were in a sewer.
You worshipped Xom.
You were a plaything of Xom.
You visited 1 branch of the dungeon, and saw 3 of its levels.
You also visited: Sewer.

You collected 140 gold pieces.

Inventory:

Hand Weapons
 a - a +0 mace of protection (weapon)
Armour
 b - a +2 leather armour (worn)
Jewellery
 f - a ring of wizardry
 g - an amulet of guardian spirit (around neck)
Scrolls
 e - a scroll of teleportation
 k - a scroll of brand weapon
 m - a scroll of summoning
Potions
 d - a potion of haste
 h - a potion of magic {unknown}
 i - 3 potions of berserk rage {unknown}
 l - a potion of invisibility
Miscellaneous
 c - a piece from Xom's chessboard (15/15) (quivered)


   Skills:
 + Level 3.6 Fighting
 * Level 3.8 Maces & Flails
 + Level 2.5 Armour
 + Level 2.0 Dodging
 + Level 1.7 Evocations


You had 4 spell levels left.
You didn't know any spells.
Your spell library contained the following spells:

 Spells                   Type           Power      Damage    Failure   Level
 Shock                    Conj/Air       0%         1d3       38%         1
 Summon Small Mammal      Summ           0%         N/A       38%         1
 Call Canine Familiar     Summ           0%         N/A       77%         3
 Portal Projectile        Hex/Tloc       0%         N/A       77%         3
 Summon Guardian Golem    Hex/Summ       0%         N/A       77%         3
 Swiftness                Air            0%         N/A       77%         3
 Tukima's Dance           Hex            0%         N/A       77%         3
 Airstrike                Air            0%         2d(0-16)  99%         4
 Blade Hands              Tmut           0%         N/A       100%        5


Dungeon Overview and Level Annotations

Branches:
Dungeon (3/15)              Sewer (1/1)

Altars:

Shops:
D:1 =   D:3 ?


Innate Abilities, Weirdness & Mutations

You have hoof-like feet.
You are mostly covered in large bone plates. (SH +6)


Message History

You barely miss the hell rat.
The hell rat is severely wounded.
The hell rat completely misses you.
You barely miss the hell rat.
You kick the hell rat, but do no damage.
The hell rat is severely wounded.
The hell rat bites you!
You feel drained.
* * * LOW HITPOINT WARNING * * *
You block the hell rat's attack.
You are too injured to fight recklessly!
You are too injured to fight recklessly!
You are too injured to fight recklessly!
You are too injured to fight recklessly!
You are too injured to fight recklessly!
You are too injured to fight recklessly!
You are too injured to fight recklessly!
You are too injured to fight recklessly!
You are too injured to fight recklessly!
You are too injured to fight recklessly!
Unknown command.
The hell rat twitches its whiskers.
You barely miss the hell rat. Your kick misses the hell rat.
The hell rat is severely wounded.
The hell rat barely misses you.
You barely miss the hell rat.
The hell rat is severely wounded.
You block the hell rat's attack.
The hell rat bites you but does no damage.
You hit the hell rat but do no damage.
Your weapon exudes an aura of protection.
The hell rat is severely wounded.
The hell rat closely misses you.
You hit the hell rat. Your kick misses the hell rat.
The hell rat is severely wounded.
You block the hell rat's attack.
You hit the hell rat but do no damage.
The hell rat is severely wounded.
You block the hell rat's attack. The hell rat bites you!
You die... "This toy is broken."

#########
###~.~..~~###
###..†.§@..÷~~###
#..~~†##r##~†~~.#
##..~###~~.###.~~##
#~..##~~~~~~~##.~~#
#.~~#~~~~~~.~.#.~~#
#...##~)?!!?~##†~~#
##~~.###?∩!###...##
#~..~~#####.~.~~#
###~~...∩†~.~~###


You could see a hell rat.

Vanquished Creatures
  5 adders
  3 gnolls (D:2)
  2 river rats (Sewer)
  A worm (D:2)
  4 dart slugs
  An orc (D:3)
  7 endoplasms
  2 giant cockroaches
  A goblin (D:1)
  7 hobgoblins
  7 jackals (D:2)
  5 quokkas
  3 ball pythons (D:2)
  7 bats
  2 frilled lizards
  4 kobolds
  10 rats
71 creatures vanquished.

Notes
Turn   | Place    | Note
-------+----------+-------------------------------------------
     0 | D:1      | qeuew the Demonspawn Chaos Knight began the quest for the
                  | Orb.
     0 | D:1      | Reached XP level 1. HP: 18/18 MP: 1/1
    91 | D:1      | Reached skill level 1 in Dodging
   128 | D:1      | XOM: potion effect (brilliance)
   133 | D:1      | Gained mutation: You are partially covered in large bone
                  | plates. (SH +4) [demonic ancestry]
   133 | D:1      | Reached XP level 2. HP: 24/24 MP: 2/2
   147 | D:1      | Found Equrch's Jewellery Boutique.
   523 | D:1      | XOM: divination: detect creatures
   576 | D:1      | Gained mutation: You have large cloven feet. [demonic
                  | ancestry]
   576 | D:1      | Reached XP level 3. HP: 29/29 MP: 3/3
   807 | D:2      | Reached skill level 1 in Evocations
   920 | D:2      | Gained mutation: You are mostly covered in large bone
                  | plates. (SH +6) [demonic ancestry]
   920 | D:2      | Reached XP level 4. HP: 35/35 MP: 4/4
  1032 | D:2      | HP: 1/35 [gnoll/+0 spear (6)]
  1456 | D:3      | Found Inkepheb's Magic Scroll Shoppe.
  1485 | D:3      | Found a glowing drain.
  1562 | D:3      | Gained mutation: You have hoof-like feet. [demonic
                  | ancestry]
  1562 | D:3      | Reached XP level 5. HP: 27/41 MP: 5/5
  1589 | Sewer    | Entered a sewer
  1624 | Sewer    | XOM: divination: detect items
  1787 | Sewer    | XOM: god gift: 3 blue potions {god gift}
  1811 | Sewer    | XOM: smoke on damage
  1825 | Sewer    | Slain by a hell rat

Illustrated notes

Levels and vault maps discovered:
D:1:      mushboom_english_gardens, layout_loops_ring, serial_shops,
          shop_fountains, chequers_serial_rivers_micro_d, st_stairs_12
D:2:      layout_rooms, kennysheep_crisscross, st_stairs_10,
          chequers_serial_rivers_room_a, kennysheep_generic_room_12
D:3:      layout_basic, mainiacjoe_overflow_surrounded_room,
          mainiacjoe_overflow_24_doors, general_overflow_altar, serial_shops,
          nicolae_shop_statue_plus, shop, shop, nicolae_shop_trees,
          gup_sewer_entry_glass
Sewer:    sewer_hellmonk_bad_rat

Skill      XL: |  1  2  3  4  5 |
---------------+----------------+-----
Dodging        | 1 2 |  2.0
Armour         | 2 |  2.5
Maces & Flails | 3 |  3.8
Evocations     | 1 |  1.7
Fighting       | |  3.6

Action                     |  1- 3 |  4- 6 || total
---------------------------+-------+-------++-------
  Melee: Mace              |   116 |   157 ||   273
         Punch             |     1 |     2 ||     3
         Kick              |    17 |    38 ||    55
    Use: Potion            |     3 |       ||     3
         Scroll            |     2 |     5 ||     7
   Stab: Sleeping          |     3 |       ||     3
 Armour: Leather armour    |    53 |    72 ||   125
  Dodge: Dodged            |    85 |    88 ||   173
  Block: Other             |    30 |    55 ||    85

Table legend: (Time is in decaauts)
 A = Elapsed time spent in this place.
 B = Non-inter-level travel time spent in this place.
 C = Inter-level travel time spent in this place.
 D = Time resting spent in this place.
 E = Time spent auto-exploring this place.
 F = Levels seen in this place.
 G = Mean time per level.
                   A        B        C        D        E       F      G
               +--------+--------+--------+--------+--------+-----+--------+
         Total |   1876 |   1856 |     20 |      0 |   1282 |   4 |  469.0 |
       Dungeon |   1621 |   1601 |     20 |      0 |   1128 |   3 |  540.3 |
         Sewer |    255 |    255 |      0 |      0 |    154 |   1 |  255.0 |
               +--------+--------+--------+--------+--------+-----+--------+

Top non-repeatable levels by time:
     D:2: 771 daAuts
     D:1: 697 daAuts
   Sewer: 255 daAuts
     D:3: 152 daAuts
